Map: Orbital Shipyard

Players

Gee - Winner!

  • Race: Protoss Protoss
  • League: Platinum

Trizztein

  • Race: Terran Terran
  • League: Platinum

VOD

Have the link to the VOD?

Description

Time

  • Played on: Jan. 4, 2016, 6:58 p.m.
  • Length: 43:59
Show
View Real Time Build Order
Export as new Build Order

Gee Protoss - Winner!

Build Orders: Oracle Opening 

Get SALT Encoding   

  12  0:00  Probe (Chrono Boost)  
  13  0:11  Probe (Chrono Boost)  
  14  0:18  Pylon  
  14  0:22  Probe (Chrono Boost)  
  15  0:36  Probe (Chrono Boost)  
  15  0:37  Gateway  
  16  0:46  Assimilator  
  16  0:47  Probe (Chrono Boost)  
  17  0:50  Assimilator  
  17  0:57  Probe (Chrono Boost)  
  18  1:08  Probe (Chrono Boost)  
  19  1:14  Gateway  
  20  1:18  Probe (Chrono Boost)  
  20  1:29  Cybernetics Core  
  20  1:31  Probe (Chrono Boost)  
  21  1:42  Pylon  
  21  1:43  Probe (Chrono Boost)  
  22  2:03  Probe (Chrono Boost)  
  23  2:11  Adept x2  
  27  2:21  Probe (Chrono Boost)  
  27  2:22  Warp Gate (Chrono Boost)  
  28  2:24  Stargate  
  27  2:37  Probe (Chrono Boost)  
  28  2:48  Mothership Core (Chrono Boost)  
  30  2:56  Pylon  
  29  3:06  Nexus  
  29  3:08  Pylon  
  29  3:14  Adept  
  33  3:22  Oracle (Chrono Boost)  
  34  3:34  Adept  
  34  3:35  Probe  
  37  3:47  Probe  
  38  3:49  Robotics Facility  
  38  3:53  Adept  
  40  4:13  Phoenix (Chrono Boost)  
  42  4:21  Probe  
  42  4:23  Probe  
  42  4:47  Immortal  
  40  5:02  Probe  
  40  5:03  Probe  
  40  5:06  Assimilator  
  42  5:12  Probe, Assimilator  
  43  5:14  Pylon  
  43  5:15  Gateway, Probe  
  43  5:18  Robotics Bay  
  44  5:23  Probe  
  44  5:27  Probe  
  46  5:33  Sentry, Probe  
  46  5:34  Sentry  
  51  5:39  Probe  
  51  5:40  Observer  
  53  5:44  Probe  
  54  5:52  Probe  
  54  5:54  Probe  
  56  6:01  Stalker x2  
  56  6:04  Probe (Chrono Boost)  
  61  6:06  Probe (Chrono Boost)  
  61  6:10  Observer  
  63  6:16  Probe (Chrono Boost)  
  65  6:18  Probe (Chrono Boost)  
  65  6:26  Probe (Chrono Boost)  
  65  6:29  Probe (Chrono Boost)  
  67  6:37  Probe (Chrono Boost)  
  67  6:39  Probe (Chrono Boost)  
  69  6:40  Nexus  
  69  6:41  Pylon  
  69  6:45  Pylon  
  69  6:53  Forge  
  69  6:57  Forge  
  69  6:58  Probe (Chrono Boost), Colossus  
  69  6:59  Probe (Chrono Boost), Pylon  
  77  7:03  Pylon  
  76  7:21  Probe x2 (Chrono Boost)  
  78  7:30  Protoss Ground Armor Level 1 (Chrono Boost)  
  78  7:31  Protoss Ground Weapons Level 1 (Chrono Boost)  
  78  7:36  Probe x2  
  80  7:38  Stalker x3  
  86  7:48  Probe x2  
  86  7:49  Twilight Council  
  88  7:52  Disruptor  
  88  7:53  Probe  
  88  7:58  Pylon  
  92  8:00  Probe  
  92  8:01  Probe  
  92  8:03  Probe  
  95  8:09  Assimilator  
  95  8:13  Probe x2  
  95  8:15  Assimilator  
  97  8:21  Stalker x2  
  97  8:22  Stalker, Probe  
  97  8:25  Probe  
  105  8:29  Observer  
  106  8:40  Probe  
  107  8:41  Probe x2  
  107  8:47  Gateway  
  109  8:48  Gateway  
  109  8:53  Probe  
  109  8:54  Probe x2  
  112  8:58  Stalker x3  
  112  9:00  Blink  
  118  9:03  Probe  
  118  9:06  Probe  
  116  9:21  Protoss Ground Armor Level 2 (Chrono Boost), Protoss Ground Weapons Level 2 (Chrono Boost)  
  110  9:29  Probe  
  110  9:30  Mothership Core  
  110  9:31  Probe  
  112  9:39  Photon Cannon  
  112  9:40  Probe  
  112  9:43  Probe  
  112  9:45  Gateway  
  114  9:47  Stalker, Sentry  
  114  9:48  Sentry, Gateway  
  114  9:50  Probe  
  114  9:51  Probe  
  122  9:55  Probe  
  123  10:03  Probe  
  124  10:09  Probe  
  124  10:10  Pylon  
  124  10:12  Pylon  
  124  10:13  Photon Cannon  
  125  10:16  Photon Cannon  
  125  10:17  Pylon  
  125  10:19  Pylon  
  125  10:24  Nexus  
  125  10:26  Pylon  
  125  10:27  Pylon  
  125  10:28  Disruptor  
  124  10:31  Gateway  
  124  10:33  Pylon  
  127  10:36  Pylon  
  127  10:38  Probe  
  127  10:39  Probe x2  
  127  10:41  Stalker  
  127  10:42  Stalker  
  134  10:43  Stalker  
  136  10:51  Probe  
  137  10:58  Probe, Assimilator  
  137  10:59  Probe  
  137  11:02  Assimilator  
  139  11:06  Photon Cannon  
  139  11:09  Photon Cannon  
  139  11:11  Pylon, Stargate  
  139  11:12  Fleet Beacon  
  139  11:14  Probe, Protoss Ground Weapons Level 3 (Chrono Boost), Pylon, Protoss Ground Armor Level 3 (Chrono Boost)  
  139  11:15  Probe  
  139  11:16  Templar Archives, Probe  
  142  11:19  Dark Shrine  
  142  11:22  Stalker x3, Pylon  
  142  11:24  Adept x2  
  152  11:29  Observer  
  153  11:34  Pylon  
  153  11:37  Void Ray  
  157  11:40  Probe  
  157  11:41  Probe x2  
  160  12:09  Stalker x4  
  160  12:10  Stalker x2  
  172  12:20  Void Ray  
  172  12:22  Void Ray  
  180  12:23  Colossus x2, Disruptor  
  183  12:33  Psionic Storm  
  183  12:35  Gateway, Zealot x2  
  183  12:36  Gateway, High Templar x4  
  195  12:38  Gateway  
  195  12:54  Gateway  
  195  12:55  Gateway  
  195  12:59  Photon Cannon  
  195  13:01  Gateway  
  195  13:02  Dark Templar x2, Gateway  
  195  13:05  Photon Cannon  
  161  13:38  Protoss Shields Level 1  
  161  13:40  Stalker x4  
  161  13:41  Dark Templar  
  171  13:50  Colossus  
  177  14:07  Nexus  
  177  14:09  Pylon  
  177  14:11  Pylon  
  177  14:18  Nexus  
  177  14:19  Photon Cannon  
  177  14:20  Pylon  
  177  14:21  Photon Cannon  
  177  14:22  Pylon  
  177  14:24  Pylon, High Templar x3  
  177  14:25  Zealot x5  
  177  14:28  Tempest, Pylon  
  197  15:02  Observer  
  198  15:24  Observer  
  199  15:41  Assimilator  
  199  15:47  Assimilator  
  199  16:09  Assimilator  
  199  16:15  Assimilator  
  198  16:19  Pylon  
  198  16:20  Photon Cannon  
  198  16:22  High Templar  
  198  16:23  Photon Cannon  
  200  16:34  Pylon  
  200  16:43  Protoss Shields Level 2  
  200  16:58  Pylon  
  200  17:22  Pylon  
  200  17:26  Pylon  
  196  18:00  Dark Templar  
  196  18:01  Dark Templar  
  199  18:19  High Templar  
  198  18:20  High Templar  
  183  18:39  Observer  
  183  18:40  High Templar x3  
  183  18:41  High Templar x3  
  192  18:42  Stalker  
  167  19:16  Zealot x4  
  167  19:17  Zealot x2  
  145  20:13  Nexus  
  145  20:16  Pylon  
  139  20:24  Nexus  
  139  20:26  Pylon  
  135  20:46  Forge  
  135  20:48  Cybernetics Core  
  121  21:36  Photon Cannon  
  121  21:38  Stargate  
  121  21:41  Photon Cannon  
  121  21:44  Pylon  
  121  21:47  Pylon  
  121  22:00  Probe  
  121  22:06  Probe  
  123  22:11  Probe  
  124  22:17  Probe  
  124  22:22  Gateway  
  125  22:24  Gateway  
  125  22:25  Gateway  
  125  22:31  Gateway x2  
  125  22:33  Archon  
  125  22:34  Pylon  
  125  22:35  Assimilator  
  125  22:40  Assimilator  
  125  22:42  Pylon  
  125  22:46  Photon Cannon  
  125  22:48  Photon Cannon  
  125  22:50  Photon Cannon  
  125  23:09  Pylon  
  125  23:10  Pylon  
  125  23:12  Pylon  
  125  23:13  Pylon  
  125  23:15  Pylon  
  125  23:17  Pylon  
  125  23:19  Pylon  
  125  23:25  Pylon  
  125  23:27  Probe  
  125  23:29  Probe  
  127  23:37  Probe  
  127  23:39  Probe  
  127  23:40  Photon Cannon  
  127  23:41  Void Ray  
  133  23:43  Photon Cannon  
  133  23:44  Photon Cannon  
  133  23:46  Photon Cannon  
  133  23:48  Probe, Pylon  
  133  23:50  Probe  
  133  23:53  Photon Cannon  
  133  23:54  Photon Cannon x2  
  135  23:58  Probe  
  135  24:00  Probe  
  137  24:09  Probe  
  137  24:11  Probe, Zealot x4  
  137  24:12  Stalker  
  148  24:19  Probe  
  148  24:21  Probe  
  150  24:30  Probe  
  151  24:41  Stalker x2  
  151  24:42  Stalker x3  
  161  24:47  Photon Cannon  
  161  24:48  Photon Cannon  
  161  24:53  Probe  
  161  24:57  Assimilator  
  161  24:58  Pylon  
  162  25:01  Pylon  
  162  25:02  Pylon  
  162  25:04  Probe  
  163  25:07  Pylon  
  163  25:13  Void Ray  
  167  25:14  Probe  
  168  25:25  Probe  
  169  25:35  Probe  
  169  25:38  Stalker x3  
  169  25:39  Stalker x2  
  180  25:58  Photon Cannon  
  180  26:01  Pylon, Photon Cannon  
  180  26:03  Photon Cannon  
  180  26:04  Photon Cannon  
  178  26:05  Photon Cannon  
  178  26:06  Photon Cannon x2  
  176  26:27  Twilight Council  
  176  26:29  Robotics Facility  
  169  27:01  Oracle  
  164  27:30  Stalker  
  164  27:31  Stalker x4  
  164  27:36  Dark Shrine, Oracle  
  171  28:11  Stalker x2  
  171  28:12  Stalker x3, Void Ray  
  185  28:25  Warp Prism  
  179  29:05  Observer  
  180  29:13  Protoss Shields Level 3  
  180  29:15  Void Ray  
  184  29:27  Observer  
  185  29:42  Dark Templar  
  187  29:48  Observer  
  187  29:52  Stalker x3  
  186  29:53  Stalker  
  186  29:57  Probe  
  189  30:05  Probe  
  189  30:07  Probe  
  189  31:03  Probe x2  
  174  31:05  Void Ray  
  174  31:07  Immortal  
  150  31:13  Probe x2  
  116  31:24  Probe  
  116  31:25  Stalker x5  
  118  31:46  Immortal  
  122  32:02  Stalker  
  122  32:03  Stalker x3  
  122  32:06  Probe x2  
  132  32:16  Probe  
  132  32:17  Probe  
  132  32:21  Dark Templar  
  136  32:26  Immortal  
  138  32:57  Dark Templar x3  
  138  32:58  Zealot x2  
  146  33:03  Probe x2  
  140  33:14  Probe x2  
  138  33:24  Probe  
  103  34:00  Nexus  
  103  34:03  Pylon  
  103  34:06  Stalker, Pylon  
  103  34:07  Stalker x4  
  113  34:18  Probe x2  
  115  34:47  Charge  
  115  34:59  Warp Prism  
  117  35:05  Probe x2, Robotics Bay  
  117  35:06  Nexus  
  118  35:07  Pylon x2  
  119  35:15  Dark Templar  
  119  35:16  Probe x2  
  123  35:35  Observer  
  124  35:41  Templar Archives  
  99  36:23  Probe  
  100  36:26  High Templar x3  
  100  36:27  Probe x3, High Templar x2  
  113  36:33  Probe  
  113  36:37  Probe  
  113  36:39  Probe x2  
  115  36:44  Probe  
  118  36:48  Probe  
  118  36:49  Probe  
  118  36:50  Probe  
  121  36:55  Probe  
  121  36:58  Probe  
  121  37:00  Probe x2  
  123  37:01  Warp Prism  
  123  37:05  Probe  
  127  37:09  Probe  
  127  37:10  Probe  
  127  37:11  Stalker, Probe, High Templar x3  
  127  37:12  Stalker  
  139  37:16  Probe  
  139  37:20  Probe  
  139  37:21  Probe x2  
  141  37:25  Archon  
  141  37:26  Probe  
  144  37:34  Pylon  
  144  37:37  Colossus  
  147  38:23  Dark Templar x3  
  147  38:24  Dark Templar x2  
  157  38:30  Colossus  
  157  38:31  Archon  
  157  39:11  Dark Templar  
  157  39:13  Zealot x4  
  167  39:24  Colossus  
  161  39:29  Void Ray  
  167  39:51  Nexus  
  166  39:53  Pylon  
  140  40:17  Colossus  
  140  40:18  Probe  
  147  40:26  Assimilator  
  147  40:29  Probe  
  147  40:30  Assimilator  
  147  40:35  Assimilator  
  148  40:36  Assimilator  
  148  40:38  Assimilator  
  148  40:39  Probe  
  148  40:40  Pylon  
  148  40:42  Photon Cannon  
  149  40:43  Pylon  
  149  40:44  Assimilator  
  149  40:46  Zealot x4  
  149  40:47  Zealot  
  149  40:48  Assimilator  
  159  40:50  Probe  
  160  41:00  Probe  
  161  41:04  Gateway  
  161  41:08  Gateway x2  
  161  41:10  Gateway  
  161  41:12  Pylon  
  161  41:17  Templar Archives  
  160  42:02  Stalker x2  
  160  42:03  Stalker x3, High Templar  
  160  42:04  High Templar x2  
  176  42:10  Void Ray  
  178  42:34  High Templar  
  178  42:35  High Templar  
  182  42:44  Zealot x2  
  182  42:45  Zealot x5  
  177  43:36  Archon  
  163  43:52  Dark Templar x3  
  163  43:53  Stalker x3, Zealot x3  
Show
View Real Time Build Order
Export as new Build Order

Trizztein Terran 

Build Orders: Reaper Expand, MMM Bio 

Get SALT Encoding   

  12  0:01  SCV  
  13  0:13  SCV  
  14  0:18  Supply Depot  
  14  0:25  SCV  
  15  0:39  SCV  
  15  0:41  Barracks  
  16  0:45  Refinery  
  16  0:51  SCV  
  17  1:03  SCV  
  18  1:16  SCV  
  19  1:28  Orbital Command  
  19  1:29  Reaper  
  20  1:43  Command Center  
  20  1:52  Supply Depot  
  20  1:56  SCV  
  21  2:08  SCV  
  22  2:16  Barracks Reactor  
  22  2:33  Command Center  
  22  2:38  SCV  
  23  2:50  SCV  
  24  2:51  Refinery  
  24  2:53  Factory  
  24  2:59  Marine x2  
  24  3:00  Orbital Command  
  24  3:04  SCV  
  27  3:16  SCV  
  27  3:18  Marine x2  
  30  3:28  SCV x2  
  31  3:36  Marine x2  
  31  3:37  Factory Tech Lab  
  31  3:39  Barracks  
  33  3:42  SCV  
  33  3:43  SCV  
  33  3:45  Orbital Command  
  35  3:54  SCV, Marine  
  35  3:55  SCV  
  38  3:59  Marine  
  38  4:01  Cyclone  
  42  4:06  SCV  
  42  4:07  SCV  
  43  4:11  SCV, Marine  
  43  4:17  Marine  
  45  4:18  SCV  
  45  4:19  SCV  
  45  4:23  SCV  
  49  4:27  Barracks  
  49  4:28  Barracks Tech Lab  
  49  4:29  Marine  
  49  4:31  SCV  
  48  4:34  Marine  
  43  4:45  Cyclone  
  41  4:51  SCV  
  41  4:52  SCV x2  
  39  5:04  SCV x3  
  42  5:08  Starport  
  42  5:11  Engineering Bay  
  42  5:13  Refinery  
  42  5:16  SCV x3, Refinery  
  45  5:28  SCV x3  
  48  5:39  Factory Reactor  
  48  5:40  SCV x3  
  51  5:45  Medivac  
  53  5:50  Supply Depot  
  53  5:51  Missile Turret  
  53  5:52  SCV x3  
  53  5:56  Missile Turret  
  56  5:58  Orbital Command  
  56  6:00  Combat Shields  
  56  6:01  Stimpack  
  56  6:02  Terran Infantry Weapons Level 1  
  56  6:04  SCV  
  57  6:13  SCV  
  57  6:16  SCV  
  59  6:22  Factory Reactor  
  59  6:25  SCV  
  59  6:26  SCV  
  59  6:28  SCV  
  59  6:32  Supply Depot  
  62  6:33  Supply Depot  
  62  6:34  Supply Depot  
  62  6:35  Medivac x2  
  62  6:38  SCV, Marauder  
  69  6:47  Liberator  
  69  6:48  Liberator  
  69  6:53  Marine x2  
  69  6:54  SCV x3, Marauder  
  76  6:56  Refinery  
  76  6:59  Marine  
  77  7:06  SCV x3  
  77  7:07  Starport  
  86  7:11  Marine x2  
  86  7:12  Factory Reactor  
  88  7:16  Missile Turret  
  88  7:18  SCV x3  
  88  7:19  Missile Turret  
  88  7:22  Marauder  
  93  7:27  Barracks  
  93  7:29  Barracks  
  93  7:33  Concussive Shells  
  93  7:40  Supply Depot  
  93  7:42  Supply Depot  
  93  7:43  Marine x2  
  93  7:44  SCV x3, Marauder  
  100  7:45  Supply Depot  
  100  7:46  Liberator x2  
  100  7:48  Refinery  
  100  7:49  Liberator  
  100  7:56  SCV  
  101  8:01  Widow Mine x2  
  101  8:02  SCV x2, Marauder  
  101  8:03  Marine x2  
  101  8:04  Supply Depot  
  101  8:05  Supply Depot  
  117  8:06  Marauder  
  117  8:08  SCV  
  123  8:14  SCV  
  124  8:26  SCV, Marauder  
  128  8:28  Marauder  
  129  8:34  Marine x2  
  129  8:36  Barracks Tech Lab  
  129  8:40  Barracks Reactor  
  131  8:45  Barracks  
  131  8:46  Barracks  
  131  8:47  Command Center  
  131  8:48  Barracks, Marauder  
  133  8:49  Marine  
  133  8:50  Medivac  
  133  8:51  Command Center, Supply Depot  
  133  8:53  Supply Depot  
  136  8:58  Widow Mine x2  
  136  8:59  Marine  
  141  9:12  Marine  
  141  9:13  Marauder  
  135  9:28  Liberator x2  
  135  9:30  Marine x2  
  135  9:31  Marauder  
  131  9:32  Marine x3  
  131  9:33  Marine  
  131  9:35  Barracks Reactor  
  131  9:36  Barracks Tech Lab x2  
  135  9:43  Ghost Academy  
  135  9:45  Fusion Core  
  135  9:46  Viking x2  
  135  9:48  Marine x2  
  135  9:50  Marine x2  
  135  9:51  Supply Depot  
  135  9:52  Supply Depot  
  149  9:54  Supply Depot  
  149  9:59  Liberator, Marine x3  
  152  10:05  Planetary Fortress  
  152  10:11  Liberator x2  
  152  10:16  Viking  
  157  10:25  Widow Mine x2  
  157  10:28  Marauder, Marine x4  
  163  10:29  Ghost x2, Marine x2  
  163  10:30  Marine x2  
  180  10:47  Marine x5  
  180  10:48  Marine  
  186  10:50  Terran Infantry Armor Level 1  
  186  10:53  Engineering Bay  
  186  10:54  Planetary Fortress  
  186  10:55  Armory  
  186  11:01  Marine x2  
  186  11:02  Liberator  
  188  11:20  Viking  
  188  11:21  Marauder, Marine x2  
  197  11:39  Starport Tech Lab  
  197  11:42  Terran Infantry Weapons Level 2  
  197  11:44  Terran Ship Weapons Level 1  
  197  11:51  Marine x3  
  200  12:40  Advanced Ballistics  
  155  13:31  Marine x4  
  122  13:41  Marauder, Marine x2  
  122  13:42  Marauder x2, Marine x2  
  122  13:44  Viking x2  
  138  13:49  Marine x4  
  142  13:57  Liberator x2  
  142  13:59  Ghost x2  
  142  14:01  Marine x2  
  142  14:02  Ghost, Marine  
  148  14:03  Marine  
  148  14:07  Marine  
  151  14:13  Command Center  
  157  14:31  Marine x7  
  157  14:34  Liberator  
  157  14:35  Marine x4  
  162  14:49  Marine x7  
  162  14:52  Viking  
  167  14:53  Ghost x2, Marine x2  
  167  14:55  Refinery x2  
  167  14:57  Viking x2  
  176  15:06  Marine  
  176  15:07  Marine x3  
  177  15:11  Command Center  
  177  15:12  Command Center  
  179  15:17  Command Center, Liberator, Marine x2  
  177  15:22  Viking  
  177  15:27  Viking x2  
  186  15:41  Marine x7  
  186  15:42  Ghost, Marine x3  
  198  15:51  Viking  
  198  15:57  Terran Infantry Weapons Level 3, Missile Turret, Terran Infantry Armor Level 2  
  200  15:59  Terran Ship Weapons Level 2  
  200  16:00  Missile Turret  
  200  16:12  Planetary Fortress  
  200  16:40  Planetary Fortress, Orbital Command  
  200  16:41  Orbital Command  
  200  16:50  Refinery  
  200  16:51  Refinery  
  200  17:18  Personal Cloaking  
  199  18:16  Marine  
  170  19:02  Command Center  
  170  19:07  Command Center  
  131  20:25  Command Center  
  131  20:26  Missile Turret  
  131  20:28  Engineering Bay  
  131  20:32  Barracks  
  131  20:34  Barracks  
  131  20:36  Factory x2  
  131  20:54  Command Center  
  131  21:00  Orbital Command  
  131  21:23  Supply Depot  
  131  21:25  Barracks Tech Lab  
  131  21:26  Supply Depot x2, Barracks Reactor  
  131  21:27  Supply Depot  
  131  21:28  Supply Depot  
  131  21:32  Missile Turret  
  132  21:44  Viking  
  132  21:46  Supply Depot x2  
  134  21:48  Planetary Fortress  
  134  21:50  Supply Depot, Factory Reactor, Factory Tech Lab  
  133  21:56  Orbital Command  
  133  22:14  Viking  
  134  22:22  Orbital Command  
  134  22:24  Missile Turret  
  134  22:28  Missile Turret  
  134  22:50  Widow Mine x2  
  138  22:51  Siege Tank  
  138  22:55  Marine  
  138  22:56  Marine x2  
  143  23:11  Viking  
  145  23:13  Marine  
  146  23:48  Armory  
  145  24:51  Orbital Command  
  145  24:57  Supply Depot  
  145  24:58  Supply Depot  
  145  24:59  Supply Depot  
  145  25:00  Supply Depot  
  145  25:01  Supply Depot  
  145  25:04  Supply Depot  
  145  25:23  SCV, Viking, Marine  
  145  25:25  Marine x2  
  145  25:26  Hellion, Siege Tank  
  156  25:35  SCV  
  141  25:40  Marine  
  142  25:43  Marine x2  
  142  25:47  Supply Depot, SCV  
  141  25:58  Siege Tank, Marine  
  141  25:59  SCV  
  141  26:02  Marine x2  
  145  26:11  SCV  
  145  26:16  Marine  
  145  26:20  Marine x2  
  145  26:30  Siege Tank  
  148  26:34  Marine  
  142  27:21  Siege Tank  
  145  27:23  Marine x3  
  148  27:34  Hellion x2  
  150  27:41  Marine x3  
  152  27:53  Armory, Siege Tank  
  153  27:59  Marine x3  
  153  28:02  Hellion  
  153  28:17  Marine  
  152  28:27  Orbital Command  
  152  28:28  Widow Mine  
  146  28:42  Marine x2  
  147  28:51  Marine  
  147  29:00  Marine x2  
  148  29:09  Marine  
  147  29:10  Factory Tech Lab  
  147  29:12  Barracks  
  147  29:13  Barracks  
  147  29:17  Marine  
  147  29:18  Marine  
  149  29:26  Marine  
  148  29:34  Terran Infantry Armor Level 3  
  148  29:35  Marine x2  
  145  29:45  Marine  
  144  29:52  Command Center  
  144  29:53  Marine x2  
  144  29:55  Siege Tank  
  144  29:56  Hellion  
  150  30:07  Marine  
  150  30:21  Orbital Command  
  150  30:24  Starport  
  150  30:37  Marine x2  
  150  30:39  Hellion, Marine  
  150  31:01  Marine x2  
  99  31:25  Marine  
  90  31:42  Starport Reactor  
  87  32:06  Marine x2  
  87  32:07  Marine  
  90  32:14  SCV  
  91  32:24  Marine  
  91  32:27  SCV  
  90  32:39  SCV  
  90  32:40  Liberator  
  89  32:45  Marine x3  
  94  33:03  Marine x3  
  94  33:05  Planetary Fortress  
  80  33:21  Marine x3  
  72  33:39  Marine x3  
  66  33:50  SCV  
  66  33:51  SCV  
  68  33:56  Marine  
  68  33:57  Marine x2  
  68  34:01  Liberator  
  70  34:02  SCV  
  70  34:03  SCV  
  72  34:15  SCV x2  
  74  34:19  Medivac  
  74  34:21  Marine x3  
  74  34:22  Siege Tank  
  88  34:24  Hellion x2  
  88  34:27  SCV  
  88  34:30  Missile Turret  
  89  34:34  Missile Turret  
  89  34:39  Marine x3  
  89  34:45  Widow Mine x2  
  96  34:50  Missile Turret  
  96  35:11  Refinery x2  
  96  35:15  SCV x2  
  96  35:20  Refinery x2, Marine x2  
  100  35:21  Marine  
  100  35:27  SCV x2  
  103  35:33  Missile Turret  
  103  35:38  Marine x2  
  103  35:39  Marine  
  106  35:55  SCV x2  
  106  35:56  Marine  
  102  36:07  SCV x2  
  102  36:19  SCV  
  102  36:22  Marine x3  
  106  36:30  Engineering Bay  
  106  36:35  Sensor Tower  
  106  36:40  Marine x3  
  106  36:41  Refinery  
  106  36:44  Sensor Tower  
  109  36:58  Marine  
  109  36:59  Marine x2  
  112  37:14  Siege Tank  
  115  37:16  Marine  
  115  37:17  Marine  
  113  37:42  Medivac x2  
  117  37:45  SCV x2  
  117  37:46  Siege Tank  
  122  37:57  SCV  
  122  38:04  Hellion x2  
  126  38:09  Marine x3  
  129  38:18  Siege Tank  
  132  38:25  Hellion x2  
  136  38:27  Marine x3  
  137  38:45  Marine  
  137  38:46  Hellion  
  140  38:50  Siege Tank  
  143  39:06  Marine x3  
  146  39:22  Cyclone  
  146  39:23  Marine  
  146  39:24  Marine x2  
  143  39:41  Marine  
  143  39:47  Marine x2  
  143  39:48  Command Center  
  143  39:49  Hellion x2  
  146  39:54  Siege Tank  
  146  39:59  Marine  
  141  40:05  Marine x2  
  86  40:25  Marine x3  
  86  40:27  Siege Tank  
  92  40:28  Medivac x2  
  96  40:43  Marine x3  
  96  40:47  Liberator  
  96  40:48  Liberator  
  99  40:59  Siege Tank  
  99  41:01  Marine  
  103  41:07  Orbital Command  
  109  41:16  Starport  
  109  41:30  Liberator  
  109  41:36  Marine x5  
  114  41:49  Liberator  
  114  41:53  Marine  
  114  41:54  Marine  
  119  42:03  Marine x3  
  119  42:04  Liberator  
  125  42:11  Marine  
  129  42:32  Orbital Command  
  129  42:49  Refinery x2  
  129  42:55  Sensor Tower  
  129  43:09  Marine x4  
Tags
 
Add a new tag
Caveats
  • Supply blocks, unpowered buildings, or Contaminate may cause inaccurate times.
  • Supply counts are checked every 10 seconds.